 Dungeon Crawl Stone Soup version 0.29.1-15-g9cfb28693d (webtiles) character file.

Game seed: 5408711212470044779

47 MisterOn the Digger (level 3, -1/27 HPs)
             Began as a Draconian Earth Elementalist on Apr 12, 2023.
             Slain by a river rat (6 damage)
             ... on level 3 of the Dungeon.
             The game lasted 00:07:24 (1411 turns).

MisterOn the Digger (Draconian Earth Elementalist)  Turns: 1411, Time: 00:07:24

Health: -1/27      AC:  5    Str: 10    XL:     3   Next: 48%
Magic:  1/6        EV: 12    Int: 17    God:
Gold:   88         SH:  0    Dex: 11    Spells: 1/6 levels left

rFire   . . .      SeeInvis .   c - staff of earth
rCold   . . .      Faith    .   (no shield)
rNeg    . . .      Spirit   .   (body armour unavailable)
rPois   .          Reflect  .   (helmet restricted)
rElec   .          Harm     .   (no cloak)
rCorr   .          Rampage  .   (no gloves)
Will    .....                   (no boots)
Stlth   ++........              g - amulet of regeneration
HPRegen 0.89/turn               (no ring)
MPRegen 0.10/turn               (no ring)

@: mighty, lethally poisoned (-1 -> -3), very slightly contaminated, invisible
A: AC +5, unfitting armour, cold-blooded
a: no special abilities


You were on level 3 of the Dungeon.
You visited 1 branch of the dungeon, and saw 3 of its levels.

You collected 88 gold pieces.

Inventory:

Magical Staves
 c - a staff of earth (weapon)
Jewellery
 f - an amulet of reflection
 g - an amulet of regeneration (around neck)
Wands
 m - a wand of iceblast (3)
Scrolls
 d - a scroll of enchant weapon
 e - a scroll of poison
Potions
 a - a potion of magic
 h - a potion of haste {unknown}
 j - a potion of brilliance {unknown}


   Skills:
 * Level 0.6 Fighting
 * Level 0.2 Staves
 * Level 1.8 Dodging
 * Level 1.9 Stealth
 * Level 2.4 Spellcasting
 * Level 0.3 Conjurations
 * Level 1.4 Transmutations
 * Level 0.5 Air Magic
 * Level 3.5 Earth Magic
 * Level 0.2 Evocations


You had one spell level left.
You knew the following spells:

 Your Spells              Type           Power      Damage    Failure   Level
a - Sandblast             Erth           42%        2d11      4%          1
b - Passwall              Tmut/Erth      12%        N/A       11%         2
c - Static Discharge      Conj/Air       3%         3-4/arc   24%         2

Your spell library contained the following spells:

 Spells                   Type           Power      Damage    Failure   Level
 Stone Arrow              Conj/Erth      26%        3d8       26%         3
 Petrify                  Tmut/Erth      15%        N/A       56%         4
 Lightning Bolt           Conj/Air       1%         1d12      99%         5
 Maxwell's Capacitive Co  Air            1%         ∞         100%        8


Dungeon Overview and Level Annotations

Branches:
Dungeon (3/15)

Altars:

Shops:
D:1 (

Annotations:
D:3 Robin


Innate Abilities, Weirdness & Mutations

Your plain brown scales are hard. (AC +5)
You cannot fit into any form of body armour.
You are cold-blooded and may be slowed by cold attacks.


Message History

The adder barely misses you.
Casting: Static Discharge (quite dangerous; 24% risk of failure)
Press: ? - help, Q - select action, (/) - cycle Dir - look around, f - activate You miscast Static Discharge.
You are very lightly contaminated with residual magic.
Nothing appears to happen.
The adder bites you.
You are poisoned.
The adder poisons you!
Casting: Static Discharge (quite dangerous; 24% risk of failure)
Press: ? - help, Q - select action, (/) - cycle Dir - look around, f - activate You miscast Static Discharge.
Nothing appears to happen.
You feel sick. The adder barely misses you.
The adder bites you but does no damage. The river rat barely misses you.
Unknown command.
Casting: Static Discharge (quite dangerous; 24% risk of failure)
Confirm with . or Enter, or press ? or * to list all spells.
Aiming: Sandblast (safe; 4% risk of failure)
Press: ? - help, Shift-Dir - straight line, f - adder
Aim: an adder (72% to hit)
You feel a surge of power!
The blast of sand hits the adder.
The adder is moderately wounded.
You feel sick. The adder bites you.
You are more poisoned.
The adder poisons you! The river rat bites you. The adder bites you.
You are more poisoned.
The adder poisons you!
It was a potion of invisibility.
You fade into invisibility!
You feel very sick.
The river rat bites you but does no damage.
The adder barely misses you.
It was a potion of might.
You feel very mighty all of a sudden.
You feel sick. The adder closely misses you. The river rat bites you!
* * * LOW HITPOINT WARNING * * *
You hit the adder!
You kill the adder!
You feel sick. The river rat bites you.
You die...

...# #.# #.#
#.#####.###.#
#..........#
###~~...#.##
#~~~.....## .
#~#....##.#.#
#~~~.(...#.#
#~#~r......#
#~~~†@...###
#~#~....##
#~#~....# r
#.....# ##
#.....#
#.......
##.......
##.....≈§§
#...≈##§§


You could see a river rat (unable to see you).

Vanquished Creatures
  2 adders (D:3)
  A river rat (D:3)
  5 ball pythons
  2 endoplasms (D:1)
  A giant cockroach (D:2)
  A hobgoblin (D:2)
  2 jackals (D:1)
  2 kobolds
  3 quokkas
  2 bats
  2 frilled lizards (D:1)
  3 goblins
  2 rats (D:1)
28 creatures vanquished.

Vanquished Creatures (others)
  5 plants (D:3)
5 creatures vanquished.

Grand Total: 33 creatures vanquished

Notes
Turn   | Place    | Note
-------+----------+-------------------------------------------
     0 | D:1      | MisterOn the Draconian Earth Elementalist began the quest
                  | for the Orb.
     0 | D:1      | Reached XP level 1. HP: 14/14 MP: 3/3
   307 | D:1      | Reached XP level 2. HP: 20/20 MP: 0/5
   310 | D:1      | Learned a level 2 spell: Passwall
   385 | D:2      | Learned a level 2 spell: Static Discharge
  1202 | D:1      | Found Tovoehoe's Weapon Shop.
  1280 | D:1      | Reached XP level 3. HP: 25/27 MP: 3/6
  1369 | D:3      | Noticed Robin
  1411 | D:3      | Slain by a river rat

Illustrated notes

Levels and vault maps discovered:
D:1:      minmay_arrival_stair_chambers, layout_basic, serial_shops,
          nicolae_diamond_shop
D:2:      layout_basic
D:3:      layout_loops_ring, grunt_qazlal_sundering, jmf_multi_god_temple,
          dreamdust_ecumenical_altar_sealed_demon, serial_forest,
          infiniplex_forest_clump_long, infiniplex_forest_clump_tiny,
          infiniplex_forest_corner_1, infiniplex_forest_clump_diagonal,
          infiniplex_forest_zigzag_1, infiniplex_forest_clump_double,
          infiniplex_forest_3_way, infiniplex_forest_diagonal,
          infiniplex_forest_clump_curved, infiniplex_forest_lined_3,
          lightli_sewer_entry_pipes, uniq_robin

Action                   || total
-------------------------++-------
Melee: Staff             ||     5
       Tailslap          ||     2
 Cast: Sandblast         ||    20
       Static Discharge  ||     8
Evoke: Wand              ||     1
  Use: Scroll            ||     9
       Potion            ||     2
Armor: Skin              ||    10
Dodge: Dodged            ||    18
